 Dungeon Crawl Stone Soup version 0.29.1-12-g30fa7ad0bf (webtiles) character file.

Game seed: 11459247886657076686

145 KittyFluff the Cudgeller (level 5, -1/33 HPs)
             Began as a Gargoyle Berserker on Dec 25, 2022.
             Was a Believer of Trog.
             Slain by Sigmund
             ... wielding a +0 scythe
              (7 damage)
             ... on level 2 of the Dungeon.
             The game lasted 00:08:19 (1884 turns).

KittyFluff the Cudgeller (Gargoyle Berserker)       Turns: 1884, Time: 00:08:20

Health: -1/33      AC:  7    Str: 22    XL:     5   Next: 27%
Magic:  5/5        EV: 15    Int:  8    God:    Trog [**....]
Gold:   92         SH:  0    Dex:  9    Spells: 4/4 levels left

rFire   . . .      SeeInvis .   a - +0 mace
rCold   . . .      Faith    .   (no shield)
rNeg    + . .      Spirit   .   g - +0 leather armour
rPois   ∞          Reflect  .   (no helmet)
rElec   +          Harm     .   (no cloak)
rCorr   +          Rampage  .   (no gloves)
Will    .....                   (no boots)
Stlth   +.........              (no amulet)
HPRegen 0.11/turn               m - ring of resist corrosion
MPRegen 0.09/turn               q - +4 ring of evasion

@: on berserk cooldown, slowed, very slow
A: sickness immunity, AC +4, negative energy resistance 1, electricity
resistance, torment resistance 1, petrification resistance
a: Renounce Religion, Berserk, Trog's Hand


You were on level 2 of the Dungeon.
You worshipped Trog.
Trog was pleased with you.
You visited 1 branch of the dungeon, and saw 2 of its levels.

You collected 92 gold pieces.

Inventory:

Hand Weapons
 a - a +0 mace (weapon)
Missiles
 d - 38 stones (quivered)
Armour
 g - a +0 leather armour (worn)
Jewellery
 m - a ring of resist corrosion (left hand)
 q - a +4 ring of evasion (right hand)
Scrolls
 b - a scroll of blinking {unknown}
 h - a scroll of magic mapping {unknown}
 i - a scroll of enchant weapon {unknown}
 k - a scroll of fear {unknown}
 l - a scroll of poison {unknown}
 o - a scroll of identify {unknown}
 p - a scroll of butterflies {unknown}
Potions
 c - a potion of brilliance {unknown}
 e - a potion of flight {unknown}
 f - 3 potions of heal wounds {unknown}
 j - a potion of haste {unknown}
 n - a potion of curing


   Skills:
 + Level 4.1 Fighting
 + Level 4.5 Maces & Flails
 * Level 3.0 Armour
 + Level 2.1 Dodging


You had 4 spell levels left.
You didn't know any spells.
Your spell library was empty.

Dungeon Overview and Level Annotations

Branches:
Dungeon (2/15)

Altars:

Annotations:
D:2 Sigmund


Innate Abilities, Weirdness & Mutations

You are immune to sickness and miasma.
Your stone body is resilient. (AC +4)
You are immune to poison.
You resist negative energy. (rN+)
You are resistant to electric shocks. (rElec)
You are resistant to unholy torment.
You are immune to petrification.


Message History

The bat hits you but does no damage.
Sigmund hits you from afar with a +0 scythe.
Sigmund casts a spell.
Sigmund flickers and vanishes!
Deactivating autopickup; reactivate with Ctrl-A.
The bat hits you but does no damage.
You closely miss the bat. The bat barely misses you.
The bat closely misses you. Something hits you!
A red film seems to cover your vision as you go berserk!
You feel yourself moving faster!
You feel mighty! The bat barely misses you.
You hear some strange, mumbled words.
A puff of flame appears from out of thin air!
The puff of flame hits you.
You feel a strong urge to attack something.
The bat misses you.
You closely miss something. The bat closely misses you.
Something barely misses you. The bat barely misses you.
You closely miss something. The bat completely misses you.
You sock something! Something hits you. The bat hits you.
You closely miss something. The bat barely misses you.
You closely miss something. The bat closely misses you. Something hits you!
You miss something. The bat misses you.
You closely miss something. The bat closely misses you.
Something closely misses you.
You miss something. The bat hits you.
You closely miss something. Something hits you.
You barely miss something. The bat closely misses you.
You barely miss something. The bat barely misses you. Something hits you!
* * * LOW HITPOINT WARNING * * *
You barely miss something. The bat misses you.
You closely miss something.
You are no longer berserk.
You are exhausted.
You feel yourself slow down. The bat completely misses you.
Something hits you but does no damage.
You hit something.
The bat misses you. x2; Something barely misses you.
You barely miss something. The bat hits you but does no damage. x2
The bat misses you. Something hits you but does no damage.
You miss something. The bat barely misses you. Something hits you!
You die...

#.################
#.# # #.# # #.# #
#.# # #.# # #.# #
#.# #############
#@# #>...........
#.....{#
###.....#....
####.#b.
###.#.+.... #.#...
#.###.... . #...(
#.[...... ##
#..... #########
#.....# #?....#


You could see a bat.

Vanquished Creatures
  Terence (D:2)
  Natasha (twice) (D:2)
  3 adders (D:2)
  3 ball pythons
  4 giant cockroaches (D:1)
  2 goblins
  7 hobgoblins
  8 kobolds
  2 quokkas (D:1)
  4 bats
  4 frilled lizards
  5 rats
  A spectral kobold (D:2)
46 creatures vanquished.

Notes
Turn   | Place    | Note
-------+----------+-------------------------------------------
     0 | D:1      | KittyFluff the Gargoyle Berserker began the quest for the
                  | Orb.
     0 | D:1      | Reached XP level 1. HP: 14/14 MP: 1/1
   217 | D:1      | Reached XP level 2. HP: 16/19 MP: 2/2
   499 | D:1      | Reached ** piety under Trog
   508 | D:1      | Reached XP level 3. HP: 23/24 MP: 3/3
   827 | D:2      | Found a faded altar of an unknown god.
  1108 | D:2      | Reached XP level 4. HP: 26/29 MP: 4/4
  1113 | D:2      | Noticed Natasha
  1125 | D:2      | Killed Natasha
  1581 | D:2      | Noticed Natasha
  1594 | D:2      | Killed Natasha
  1595 | D:2      | Reached XP level 5. HP: 23/33 MP: 5/5
  1646 | D:2      | Noticed Terence
  1661 | D:2      | Killed Terence
  1858 | D:2      | Noticed Sigmund
  1884 | D:2      | Slain by Sigmund

Illustrated notes

Levels and vault maps discovered:
D:1:      lemuel_arrival_river_bridge, layout_loops_corners
D:2:      layout_basic, dreamdust_ecumenical_altar_drowned_temple, uniq_sigmund,
          uniq_terence, uniq_natasha

Skill      XL: |  1  2  3  4 |
---------------+-------------+-----
Dodging        | 2 |  2.1
Maces & Flails | 4 |  4.5
Fighting       | 4 |  4.1
Armour         | 3 |  3.0

Action                   |  1- 3 |  4- 6 || total
-------------------------+-------+-------++-------
Melee: Mace              |   118 |    58 ||   176
       Punch             |     1 |       ||     1
Invok: Berserk           |       |     3 ||     3
Armor: Animal skin       |    25 |       ||    25
       Leather armour    |    29 |    14 ||    43
Dodge: Dodged            |    74 |    46 ||   120
